 Dungeon Crawl Stone Soup version 0.29.0-4-gdea44cf6ec (webtiles) character file.

Game seed: 13864446010196986586

1106 Mahakala the Cleaver (level 8, -6/71 HPs)
             Began as a Minotaur Berserker on Aug 26, 2022.
             Was a Believer of Trog.
             Mangled by an ogre
             ... wielding a +0 giant spiked club
              (15 damage)
             ... on level 6 of the Dungeon.
             The game lasted 00:09:17 (4734 turns).

Mahakala the Cleaver (Minotaur Berserker)           Turns: 4734, Time: 00:09:17

Health: -6/71      AC:  7    Str: 27    XL:     8   Next: 11%
Magic:  7/7        EV: 11    Int:  7    God:    Trog [**....]
Gold:   389        SH:  0    Dex:  7    Spells: 7/7 levels left

rFire   + . .      SeeInvis .   D - +12 broad axe of the Teaching Seer {flame, rF+ Str+3 Int+3 Dex-3}
rCold   + . .      Faith    .   (no shield)
rNeg    . . .      Spirit   .   j - +0 leather armour
rPois   .          Reflect  .   (helmet restricted)
rElec   .          Harm     .   (no cloak)
rCorr   .          Rampage  .   (no gloves)
Will    .....                   (no boots)
Stlth   +.........              (no amulet)
HPRegen 0.21/turn               l - +4 ring of protection
MPRegen 0.10/turn               s - ring of protection from cold

@: on berserk cooldown, slowed, very slow
A: horns 2, retaliatory headbutt
a: Renounce Religion, Berserk, Trog's Hand


You were on level 6 of the Dungeon.
You worshipped Trog.
Trog was pleased with you.
You visited 2 branches of the dungeon, and saw 7 of its levels.

You collected 389 gold pieces.

Inventory:

Hand Weapons
 a - a +0 hand axe
 b - a +0 sling
 D - the +12 broad axe of the Teaching Seer (weapon) {flame, rF+ Str+3 Int+3 Dex-3}
   (You found it on level 5 of the Dungeon)

   It burns those it strikes, dealing additional fire damage.
   Big, fiery blades are also staple armaments of hydra-hunters.
   Str:       It affects your strength (+3).
   Int:       It affects your intelligence (+3).
   Dex:       It affects your dexterity (-3).
   rF:        It protects you from fire.
Missiles
 q - a boomerang
 y - 7 poisoned darts
Armour
 j - a +0 leather armour (worn)
Jewellery
 l - a +4 ring of protection (left hand)
 s - a ring of protection from cold (right hand)
 B - a ring of fire
Wands
 v - a wand of digging (2)
 E - a wand of roots (8)
Scrolls
 e - 6 scrolls of identify {unknown}
 f - a scroll of immolation {unknown}
 i - a scroll of blinking {unknown}
 k - 2 scrolls of enchant armour {unknown}
 p - a scroll of acquirement {unknown}
 r - 2 scrolls of enchant weapon {unknown}
 t - 3 scrolls of amnesia {unknown}
 w - a scroll of magic mapping {unknown}
 z - a scroll of vulnerability {unknown}
Potions
 c - a potion of berserk rage {unknown}
 d - a potion of haste {unknown}
 g - 2 potions of curing {unknown}
 h - a potion of attraction {unknown}
 m - a potion of degeneration {unknown}
 n - 3 potions of might {unknown}
 o - 3 potions of lignification {unknown}
 u - a potion of flight {unknown}
 x - a potion of cancellation {unknown}
 A - a potion of mutation {unknown}
 C - a potion of invisibility {unknown}
 F - 2 potions of brilliance {unknown}


   Skills:
 + Level 6.7 Fighting
 * Level 8.9 Axes
 + Level 6.1 Armour
 - Level 2.1 Dodging


You had 7 spell levels left.
You didn't know any spells.
Your spell library was empty.

Dungeon Overview and Level Annotations

Branches:
Dungeon (6/15)             Temple (1/1) D:4

Altars:
Ashenzari
Cheibriados
Dithmenos
Elyvilon
Fedhas
Gozag
Hepliaklqana
Makhleb
Nemelex Xobeh
Okawaru
Qazlal
Ru
Sif Muna
Trog
Uskayaw
Vehumet
Wu Jian
Xom
Yredelemnul
The Shining One


Innate Abilities, Weirdness & Mutations

You have a pair of horns on your head.
You reflexively headbutt those who attack you in melee.


Message History

You slice the hound!! You burn the hound.
You kill the hound!
Trog accepts your kill.
An ogre comes into view. It is wielding a +0 giant spiked club.
The ogre shouts!
The scorpion stings you but does no damage.
Things that are here:
a +0 flail; a hound corpse You barely miss the scorpion.
You are no longer berserk.
You are exhausted.
You feel yourself slow down.
The scorpion stings you but does no damage.
You slice the scorpion!! You burn the scorpion.
You kill the scorpion!
Trog accepts your kill.
Things that are here:
a +5 vampiric trident; a +0 scale mail; a +0 buckler
There is an open door, spattered with blood here.
Items here: ))) †.
Throw: throwing net {!f}
Press: ? - help, Shift-Dir - straight line, f - ogre
Aim: an ogre, wielding a +0 giant spiked club (72% to hit)
You throw a throwing net {!f}. The throwing net {!f} hits the ogre.
The ogre is caught in the net!
The ogre struggles against the net. x2
The ogre struggles against the net.
The ogre struggles against the net. x2
The net rips apart, and the ogre comes free!
Okay, then.
The ogre attacks as you move away!
The ogre hits you with a +0 giant spiked club!!
* * * LOW HITPOINT WARNING * * *
The ogre closely misses you. You furiously retaliate!
You headbutt the ogre! The ogre attacks as you move away!
The ogre closely misses you. The ogre attacks as you move away!
The ogre closely misses you. You furiously retaliate!
You headbutt the ogre. The ogre attacks as you move away!
The ogre hits you with a +0 giant spiked club!
You die...

###.).......#
#.....#####.###
##..#.# #.#.#..
#..#.###.#.#.# #
#........#.#.#.##
#.##.###.#.#.#..#
#..#.....<..÷...#
##.#######.#.##.#
###.#....))@#.##.###.
#..........O..#......
####..#.##......#
#..#.##......####
####..#.##...........
..
#.....#.#....##......
####.< ##.#.##.#....#
...... ......
##.#.##.#....# #####.
......
#....##.#....##
......


You could see an ogre.

Vanquished Creatures
  Duvessa (D:6)
  A black bear (D:5)
  An ogre (D:5)
  A phantom (D:4)
  4 scorpions
  A gnoll sergeant (D:6)
  A necrophage (D:6)
  Dowan (D:6)
  3 hounds
  A jelly (D:6)
  2 iguanas (D:5)
  5 gnolls (D:6)
  5 adders
  A worm (D:2)
  2 dart slugs
  8 orcs
  11 endoplasms
  7 giant cockroaches
  6 goblins
  7 hobgoblins
  8 jackals
  5 kobolds
  4 quokkas
  A ball python (D:2)
  6 bats
  3 frilled lizards
  4 rats
100 creatures vanquished.

Notes
Turn   | Place    | Note
-------+----------+-------------------------------------------
     0 | D:1      | Mahakala the Minotaur Berserker began the quest for the
                  | Orb.
     0 | D:1      | Reached XP level 1. HP: 19/19 MP: 0/0
   171 | D:1      | Reached skill level 4 in Axes
   171 | D:1      | Reached XP level 2. HP: 27/27 MP: 1/1
   455 | D:1      | Found a faded altar of an unknown god.
  1087 | D:2      | Reached XP level 3. HP: 28/33 MP: 2/2
  1629 | D:2      | Reached ** piety under Trog
  2202 | D:3      | Reached XP level 4. HP: 32/40 MP: 3/3
  2291 | D:3      | Reached skill level 5 in Axes
  2551 | D:3      | Found a sacrificial altar of Ru.
  3032 | D:4      | Reached XP level 5. HP: 32/47 MP: 4/4
  3275 | D:4      | Found a staircase to the Ecumenical Temple.
  3287 | D:4      | Reached skill level 6 in Axes
  3337 | D:4      | Found a shimmering blue altar of Sif Muna.
  3651 | Temple   | Entered the Ecumenical Temple
  3727 | D:5      | Entered Level 5 of the Dungeon
  3729 | D:5      | Noticed a phantom
  3730 | D:5      | Noticed an ogre
  3743 | D:4      | Killed a phantom
  3744 | D:4      | Reached skill level 5 in Fighting
  3744 | D:4      | Reached XP level 6. HP: 56/56 MP: 5/5
  3786 | D:5      | Found a broken altar of Ashenzari.
  3899 | D:5      | Found an iron altar of Okawaru.
  3909 | D:5      | Identified the +9 spear "Gocis" {vorpal, *Rage Int+6}
  4012 | D:5      | Reached skill level 7 in Axes
  4112 | D:5      | Reached skill level 5 in Armour
  4112 | D:5      | Reached XP level 7. HP: 56/62 MP: 6/6
  4496 | D:5      | Identified the +12 broad axe of the Teaching Seer {flame,
                  | rF+ Str+3 Int+3 Dex-3}
  4549 | D:6      | Noticed Dowan
  4550 | D:6      | Noticed Duvessa
  4552 | D:6      | Killed Dowan
  4553 | D:6      | Reached skill level 8 in Axes
  4558 | D:6      | Killed Duvessa
  4706 | D:6      | Reached XP level 8. HP: 34/71 MP: 7/7
  4734 | D:6      | Mangled by an ogre

Illustrated notes

Levels and vault maps discovered:
D:1:      wheals_arrival_shading, layout_rooms,
          ebering_ecumenical_altar_petrified, kennysheep_flooded_box,
          chequers_big_river, kennysheep_decorative_pillar
D:2:      layout_basic
D:3:      layout_loops_ring, amcnicky_altar_gilded
D:4:      layout_basic, nicolae_sif_muna_condensation,
          minmay_temple_entry_crystal_x
D:5:      layout_loops_ring, okawaru_ov_weapons_minmay,
          nicolae_ashenzari_skybound
D:6:      layout_basic, uniq_crazy_yiuf_cottage, uniq_eustachio, uniq_duvessa
Temple:   nicolae_temple_x_marks_the_god

Skill      XL: |  1  2  3  4  5  6  7 |
---------------+----------------------+-----
Axes           | 4 5 6 7 8 |  8.9
Fighting       | 4 5 6 |  6.7
Armour         | 3 4 5 6 |  6.1
Dodging        | |  2.1

Action                   |  1- 3 |  4- 6 |  7- 9 || total
-------------------------+-------+-------+-------++-------
Melee: Hand axe          |   103 |    96 |    10 ||   209
       Headbutt          |    11 |    21 |     3 ||    35
       Punch             |     1 |     2 |       ||     3
       Broad axe         |       |       |    22 ||    22
 Fire: Sling             |     5 |       |       ||     5
Throw: Throwing net      |       |       |     1 ||     1
Invok: Berserk           |     4 |     3 |     2 ||     9
Armor: Animal skin       |    12 |       |       ||    12
       Leather armour    |    13 |    39 |    14 ||    66
Dodge: Dodged            |    53 |    49 |    27 ||   129
